 Dungeon Crawl Stone Soup version 0.31.0-11-ge490571c62 (webtiles) character file.

Game seed: 5695406863476634579

84 sanka the Changeling (level 4, -1/32 HPs)
             Began as a Merfolk Shapeshifter on Feb 3, 2024.
             Slain by an orc
             ... wielding a +0 flail
              (7 damage)
             ... on level 3 of the Dungeon.
             The game lasted 00:02:06 (1650 turns).

sanka the Changeling (Merfolk Shapeshifter)         Turns: 1650, Time: 00:02:07

Health: -1/32      AC:  2    Str: 14    XL:     4   Next: 45%
Magic:  4/4        EV: 12    Int:  9    God:
Gold:   40         SH:  0    Dex: 15    Spells: 3/3 levels left

rFire   . .          .
                       - Unarmed
rCold   . . .        (no shield)
rNeg    + . .        a - +0 animal skin
rPois   .            (helmet currently unavailable)
rElec   .            (cloak currently unavailable)
rCorr   .            (gloves currently unavailable)
SInv    .            (boots currently unavailable)
Will    .....        (no amulet)
Stlth   +            (no ring)
HPRegen 0.25/turn    o - ring of positive energy
MPRegen 0.09/turn

%: no passive effects
@: beast-form
A: beast (slay +3), (nimble swimmer 2), mertail
a: Begin Untransformation


You were on level 3 of the Dungeon.
You were a hulking beast.
You visited 1 branch of the dungeon, and saw 3 of its levels.

You collected 40 gold pieces.


Innate Abilities, Weirdness & Mutations

You are a hulking beast.
Your limbs bulge with bestial killing power. (Slay +3)
((You are very nimble when in or above water. (Stealth+, EV+, Speed+++)))
Your lower body shifts to a powerful aquatic tail in water.


   Skills:
 - Level 1.1 Fighting
 - Level 2.6 Dodging
 - Level 3.2 Unarmed Combat
 + Level 6.4 Shapeshifting


You had 3 spell levels left.
You didn't know any spells.
Your spell library was empty.

Inventory:

Armour
 a - a +0 animal skin (worn)
 i - a +0 cloak
Jewellery
 o - a ring of positive energy (right hand)
Talismans
 c - a beast talisman
 d - a flux talisman
Scrolls
 f - 2 scrolls of blinking {unknown}
 g - a scroll of torment {unknown}
 k - a scroll of butterflies {unknown}
 l - a scroll of brand weapon {unknown}
 m - a scroll of identify {unknown}
 n - a scroll of teleportation {unknown}
Potions
 b - a potion of lignification {!q}
 e - 2 potions of cancellation {unknown}
 h - 2 potions of ambrosia {unknown}
 j - a potion of brilliance {unknown}

Dungeon Overview and Level Annotations

Branches:
Dungeon (3/15)

Altars:

▒.▒ ▒.▒ ▒.▒
▒.▒ ▒.▒ ▒.▒
▒.▒▒▒▒▒▒.▒
▒......▒.▒▒
▒▒▒▒▒▒....▒▒
▒▒....▒▒▒
▒▒)▒...▒▒
▒.ho....▒
▒...▒▒▒[..▒
▒.▒[
▒†▒......
.....
▒o....▒▒▒
▒.▒...
....▒.▒
......▒
.▒▒.....▒
..▒▒▒( .o
.▒▒▒... ....
.. ▒. .▒. .▒


You could see an orc.


Message History

The adder misses you.
You hit the adder but do no damage.
You feel sick. The adder barely misses you.
Unknown command.
You hit the adder.
The adder is heavily wounded.
You feel sick.
You are no longer poisoned.
The adder closely misses you.
You hit the adder.
You kill the adder!
Unknown command.
Unknown command.
You closely miss the kobold. You punch the kobold.
You kill the kobold!
The frilled lizard misses you.
You punch the frilled lizard!
You kill the frilled lizard!
You hit the orc but do no damage. The orc hits you with a +0 flail.
* * * LOW HITPOINT WARNING * * *
You closely miss the orc. You hit the orc but do no damage.
The orc hits you with a +0 flail!
* * * LOW HITPOINT WARNING * * *
You hit the orc but do no damage. The orc hits you with a +0 flail!
You die...

Action                     |  1- 3 |  4- 6 || total
---------------------------+-------+-------++-------
  Melee: Unarmed           |   109 |    25 ||   134
         Punch             |     2 |     1 ||     3
 Armour: Animal skin       |    56 |    16 ||    72
  Dodge: Dodged            |    72 |    20 ||    92

Levels and vault maps discovered:
D:1:      roadster_arrival_rocket_small, layout_basic,
          amcnicky_mini_rare_corridor_liquid, minmay_misc_feat_square
D:2:      layout_loops_ring
D:3:      layout_rooms, minmay_fractal_squares_5

Notes
Turn   | Place    | Note
-------+----------+-------------------------------------------
     0 | D:1      | sanka the Merfolk Shapeshifter began the quest for the Orb.
     0 | D:1      | Reached XP level 1. HP: 15/15 MP: 1/1
    37 | D:1      | Reached XP level 2. HP: 9/21 MP: 2/2
   320 | D:1      | Reached skill level 5 in Shapeshifting
   607 | D:1      | Reached XP level 3. HP: 24/26 MP: 3/3
  1474 | D:3      | Reached skill level 6 in Shapeshifting
  1521 | D:2      | Reached XP level 4. HP: 32/32 MP: 4/4
  1650 | D:3      | Slain by an orc

Vanquished Creatures
  2 adders (D:3)
  3 orcs
  7 ball pythons
  5 endoplasms
  2 giant cockroaches (D:1)
  6 goblins
  4 hobgoblins
  7 jackals
  6 kobolds
  A quokka (D:1)
  8 bats
  3 frilled lizards
  4 rats
58 creatures vanquished.
